 Dungeon Crawl Stone Soup version 0.28-a0-1143-gcf6077d4cc (webtiles) character file.

Game seed: 2902982888379471990

99 coolguy420 the Conjurer (level 4, -1/24 HPs)
             Began as a Deep Elf Conjurer on Dec 13, 2021.
             Slain by a gnoll (5 damage)
             ... on level 3 of the Dungeon.
             The game lasted 00:03:03 (2642 turns).

coolguy420 the Conjurer (Deep Elf Conjurer)         Turns: 2642, Time: 00:03:03

Health: -1/24      AC:  2    Str:  4    XL:     4   Next: 45%
Magic:  0/11       EV: 12    Int: 25    God:
Gold:   133        SH:  0    Dex: 13    Spells: 9/10 levels left

rFire   . . .      SeeInvis .   (no weapon)
rCold   . . .      Faith    .   (no shield)
rNeg    . . .      Spirit   .   a - +0 robe
rPois   .          Reflect  .   (no helmet)
rElec   .          Harm     .   (no cloak)
rCorr   .          Rampage  .   (no gloves)
Will    .....                   (no boots)
Stlth   ++........              (no amulet)
HPRegen 0.08/turn               (no ring)
MPRegen 0.12/turn               (no ring)

@: no status effects
A: no striking features
a: no special abilities


You were on level 3 of the Dungeon.
You visited 1 branch of the dungeon, and saw 3 of its levels.

You collected 133 gold pieces.

Inventory:

Armour
 a - a +0 robe (worn)
Jewellery
 l - a ring of resist corrosion
Scrolls
 b - a scroll of vulnerability {unknown}
 c - 2 scrolls of blinking {unknown}
 e - 3 scrolls of torment {unknown}
 g - a scroll of acquirement {unknown}
 j - a scroll of enchant weapon {unknown}
 k - a scroll of fog {unknown}
 n - a scroll of teleportation {unknown}
Potions
 d - 5 potions of curing {unknown}
 f - a potion of magic {unknown}
 h - a potion of brilliance {unknown}
 i - a potion of berserk rage {unknown}
 m - a potion of cancellation {unknown}
 o - a potion of degeneration {unknown}


   Skills:
 + Level 0.1 Fighting
 + Level 2.7 Dodging
 + Level 2.8 Stealth
 + Level 3.9 Spellcasting
 + Level 5.8 Conjurations


You had 9 spell levels left.
You knew the following spells:

 Your Spells              Type           Power      Damage    Failure   Level
a - Magic Dart            Conj           100%       1d8       1%          1

Your spell library contained the following spells:

 Spells                   Type           Power      Damage    Failure   Level
 Searing Ray              Conj           68%        2d6       1%          2
 Static Discharge         Conj/Air       19%        N/A       4%          2
 Dazzling Flash           Conj/Hex       38%        N/A       9%          3
 Fulminant Prism          Conj/Hex       9%         3d7       26%         4
 Iskenderun's Mystic Bla  Conj/Tloc      19%        2d6       26%         4
 Lightning Bolt           Conj/Air       9%         1d22      58%         5
 Conjure Ball Lightning   Conj/Air       9%         3x3d6     99%         6
 Discord                  Hex            2%         N/A       100%        8
 Disjunction              Tloc           2%         N/A       100%        8
 Maxwell's Capacitive Co  Air            2%         ∞         100%        8


Dungeon Overview and Level Annotations

Branches:
Dungeon (3/15)

Altars:


Message History

The magic dart hits the gnoll!
The gnoll is heavily wounded.
The gnoll hits you from afar with a +0 spear.
The magic dart hits the gnoll.
The gnoll is almost dead.
The gnoll barely misses you.
The magic dart hits the gnoll but does no damage.
The gnoll is almost dead.
The gnoll hits you from afar with a +0 spear.
The magic dart hits the gnoll but does no damage.
The gnoll is almost dead.
The gnoll barely misses you.
The magic dart hits the gnoll.
The gnoll is moderately wounded.
The gnoll barely misses you.
The gnoll hits you from afar with a +0 spear!
You are too injured to fight recklessly!
Aiming: Magic Dart (safe; 1% risk of failure)
Press: ? - help, Q - select action Shift-Dir - straight line, f/p - gnoll
Aim: a gnoll, wielding a +0 flail (moderately wounded, 100% to hit)
The magic dart hits the gnoll.
The gnoll is heavily wounded.
The gnoll closely misses you. The gnoll hits you but does no damage.
The gnoll barely misses you.
Aiming: Magic Dart (safe; 1% risk of failure)
Press: ? - help, Q - select action Shift-Dir - straight line, f/p - gnoll
Aim: a gnoll, wielding a +0 flail (heavily wounded, 100% to hit)
The magic dart hits the gnoll.
You kill the gnoll!
The gnoll hits you with a +0 flail.
Aiming: Magic Dart (safe; 1% risk of failure)
Press: ? - help, Q - select action Shift-Dir - straight line, f/p - gnoll
Aim: a gnoll, wielding a +0 flail (heavily wounded, 100% to hit)
The magic dart hits the gnoll.
The gnoll is almost dead.
The gnoll hits you with a +0 flail.
* * * LOW HITPOINT WARNING * * *
A frilled lizard comes into view.
The gnoll hits you with a +0 flail.
You die...

###.....#.##.#
............)#####
#.#.####.........# ####.#.#
#.........# #.#####....#.#
#.........# #...).).##.#.#
#.........#
##..######.#.#####.#..#####
#. #...g.###....# ..
###..@....##.### ..
####...##......# ##
#......##......#
.....####.<.......# ..l.
#.##.....)# ..# #..#......#
. ##.#.###### .#.# .#.#


You could see a gnoll and a frilled lizard (wandering).

Vanquished Creatures
  3 gnolls
  2 adders
  A worm (D:2)
  A dart slug (D:1)
  An orc (D:3)
  4 ball pythons
  2 bats
  2 endoplasms
  4 giant cockroaches
  3 goblins
  5 hobgoblins
  6 jackals (D:1)
  4 kobolds
  2 quokkas (D:1)
  3 rats (D:1)
43 creatures vanquished.

Vanquished Creatures (others)
  A fungus (D:1)
  6 plants (D:3)
7 creatures vanquished.

Grand Total: 50 creatures vanquished

Notes
Turn   | Place    | Note
-------+----------+-------------------------------------------
     0 | D:1      | coolguy420 the Deep Elf Conjurer began the quest for the
                  | Orb.
     0 | D:1      | Reached XP level 1. HP: 10/10 MP: 6/6
   564 | D:1      | Reached XP level 2. HP: 15/15 MP: 2/8
   727 | D:1      | Reached skill level 5 in Conjurations
   819 | D:1      | Reached XP level 3. HP: 19/19 MP: 5/9
  2481 | D:3      | Reached XP level 4. HP: 24/24 MP: 5/11
  2642 | D:3      | Slain by a gnoll

Illustrated notes

Levels and vault maps discovered:
D:1:      dpeg_cavernosity, layout_basic
D:2:      layout_basic
D:3:      layout_rooms, minmay_lizard_king

Skill      XL: |  1  2 |
---------------+-------+-----
Conjurations   | 5 |  5.8
Fighting       | |  0.1
Dodging        | |  2.7
Stealth        | |  2.8
Spellcasting   | |  3.9

Action                   |  1- 3 |  4- 6 || total
-------------------------+-------+-------++-------
Melee: Unarmed           |     2 |       ||     2
 Cast: Magic Dart        |    83 |    17 ||   100
Armor: Robe              |     3 |     1 ||     4
Dodge: Dodged            |     4 |     9 ||    13

Table legend: (Time is in decaauts)
 A = Elapsed time spent in this place.
 B = Non-inter-level travel time spent in this place.
 C = Inter-level travel time spent in this place.
 D = Time resting spent in this place.
 E = Time spent auto-exploring this place.
 F = Levels seen in this place.
 G = Mean time per level.
                   A        B        C        D        E       F      G
               +--------+--------+--------+--------+--------+-----+--------+
         Total |   2642 |   2642 |      0 |      0 |   2370 |   3 |  880.7 |
       Dungeon |   2642 |   2642 |      0 |      0 |   2370 |   3 |  880.7 |
               +--------+--------+--------+--------+--------+-----+--------+

Top non-repeatable levels by time:
     D:1: 1584 daAuts
     D:2: 879 daAuts
     D:3: 178 daAuts
